 Dungeon Crawl Stone Soup version 0.26.1-2-gb8aa6d0cf2 (webtiles) character file.

Game seed: 11069353225011318780

2436 ew1980 the Destroyer (level 9, -9/66 HPs)
             Began as a Barachi Conjurer on Feb 18, 2021.
             Was a Follower of Vehumet.
             Mangled by a two-headed ogre
             ... wielding a cursed +0 giant spiked club
              (14 damage)
             ... on level 6 of the Dungeon.
             The game lasted 00:33:19 (9246 turns).

ew1980 the Destroyer (Barachi Conjurer)             Turns: 9246, Time: 00:33:20

Health: -9/66      AC:  6    Str: 13    XL:     9   Next: 49%
Magic:  23/27      EV: 16    Int: 21    God:    Vehumet [*.....]
Gold:   233        SH:  5    Dex: 17    Spells: 7/20 levels left

rFire    + . .     SeeInvis .   y - +3 flail "Ubbuirph" {flame, rF+ rC++}
rCold    + + +     Faith    .   e - +0 buckler
rNeg     . . .     Spirit   .   f - +0 robe of Ashenzari's Grace {rPois rC+ Will+ Str+4}
rPois    +         Reflect  .   b - +2 hat
rElec    .         Harm     .   m - +1 cloak
rCorr    .         Rampage  .   (no gloves)
Will     +....                  (no boots)
Stlth    ++........             (no amulet)
HPRegen  0.21/turn              j - +6 ring of dexterity
MPRegen  0.20/turn              B - ring of magical power

@: about to teleport, slow
A: +LOS, swims, slowness 1, strong legs 1
a: Hop, Renounce Religion


You were on level 6 of the Dungeon.
You worshipped Vehumet.
Vehumet was aware of your devotion.
You visited 2 branches of the dungeon, and saw 7 of its levels.
You also visited: Sewer.

You collected 233 gold pieces.

Inventory:

Hand Weapons
 d - a +0 short sword
 y - the +3 flail "Ubbuirph" (weapon) {flame, rF+ rC++}
   (You found it on level 4 of the Dungeon)

   It has been specially enchanted to burn those struck by it, causing extra
   injury to most foes and up to half again as much damage against particularly
   susceptible opponents.
   It protects you from fire.
   It greatly protects you from cold.
Missiles
 q - a throwing net
Armour
 b - a +2 hat (worn)
 e - a +0 buckler (worn)
 f - the +0 robe of Ashenzari's Grace (worn) {rPois rC+ Will+ Str+4}
   (You found it on level 4 of the Dungeon)

   It affects your strength (+4).
   It protects you from cold.
   It protects you from poison.
   It affects your willpower, your defense against some magical effects.
 m - a +1 cloak (worn)
 w - a +2 robe of fire resistance
Jewellery
 j - a +6 ring of dexterity (left hand)
 B - a ring of magical power (right hand)
 G - an uncursed ring of poison resistance
Wands
 a - a wand of enslavement (6)
 o - a wand of paralysis (7)
 F - a wand of random effects (23)
Scrolls
 c - 2 scrolls of remove curse
 i - 3 scrolls of fear
 u - 2 scrolls of teleportation
 C - 3 scrolls of fog
 D - 4 scrolls of magic mapping
 E - a scroll of immolation
Potions
 g - 2 potions of brilliance
 h - 2 potions of lignification
 k - 5 potions of heal wounds
 l - 2 potions of invisibility
 n - a potion of mutation
 p - 2 potions of flight
 r - 5 potions of curing
 s - a potion of berserk rage
 t - a potion of ambrosia
 v - a potion of attraction {unknown}
 x - a potion of experience {unknown}
 z - 2 potions of might {unknown}
 A - 2 potions of magic


   Skills:
 + Level 4.4 Fighting
 + Level 6.4 Dodging
 - Level 2.0 Stealth
 - Level 4.0 Shields
 + Level 6.0 Spellcasting
 + Level 9.6 Conjurations
 + Level 1.1 Hexes


You had 7 spell levels left.
You knew the following spells:

 Your Spells              Type           Power        Failure   Level
a - Magic Dart            Conj           100%         1%          1
b - Searing Ray           Conj           92%          1%          2
c - Dazzling Flash        Conj/Hex       56%          3%          3
d - Confusing Touch       Hex            11%          19%         3
e - Fulminant Prism       Conj/Hex       14%          11%         4

Your spell library contained the following spells:

 Spells                   Type           Power        Failure   Level
 Sandblast                Erth           12%          10%         1
 Iskenderun's Mystic Bla  Conj/Tloc      26%          14%         4
 Gell's Gravitas          Tloc           3%           28%         3
 Petrify                  Tmut/Erth      6%           67%         4
 Metabolic Englaciation   Hex/Ice        4%           91%         5
 Yara's Violent Unravell  Hex/Tmut       4%           91%         5


Dungeon Overview and Level Annotations

Branches:
Dungeon (6/15)             Temple (1/1) D:6           Sewer (visited)

Altars:
Cheibriados
Dithmenos
Elyvilon
Fedhas
Gozag
Hepliaklqana
Kikubaaqudgha
Makhleb
Okawaru
Ru
Sif Muna
Uskayaw
Vehumet
Wu Jian
Xom
Yredelemnul
Zin


Innate Abilities, Weirdness & Mutations

You can be seen from farther away. (+LOS)
You can swim through water.
You cover ground slowly.
You can hop short distances.


Message History

You block the two-headed ogre's attack.
The two-headed ogre hits you with a +0 giant club.
Casting: Confusing Touch (dangerous; 19% risk of failure)
Confirm with . or Enter, or press ? or * to list all spells.
Aiming: Searing Ray (safe; 1% risk of failure)
Press: ? - help, Shift-Dir - straight line The searing ray hits the two-headed ogre.
The two-headed ogre is lightly wounded. (Press . to maintain the ray.)
The two-headed ogre misses you.
The two-headed ogre hits you with a +0 giant club!!
* * * LOW HITPOINT WARNING * * *
The searing ray hits the two-headed ogre.
The two-headed ogre is moderately wounded.
The two-headed ogre barely misses you. x2
Your hands stop glowing.
As you read the scroll of teleportation, it crumbles to dust.
You feel strangely unstable. The two-headed ogre closely misses you.
The two-headed ogre hits you with a +0 giant club!
You die...

#. .......# .......'
.......# .........
########.....>....
#####.................
#.....................
#...........#########.
#....@...$..#.......+.
#...O########.......#.
#....#..............#.
#....'.....##..###....
#....#.....##..###...#
#....#.....##...#.....
#....#.....##...#...#.
#....#.....#....#...#.
+....#.....###'######.


You could see a two-headed ogre.

Vanquished Creatures
  Grinder (D:5)
  Sigmund (D:6)
  Duvessa (D:4)
  Purgy (D:4)
  3 sky beasts (D:5)
  2 ogres
  2 phantoms
  A big kobold (D:5)
  Blork the orc (D:4)
  5 bullfrogs
  Dowan (D:4)
  2 scorpions (D:5)
  A howler monkey (D:4)
  A hound (D:5)
  A centaur zombie (D:6)
  Crazy Yiuf (D:6)
  A jelly (D:5)
  3 iguanas
  3 worker ants
  A hound skeleton (D:5)
  13 adders
  2 river rats (Sewer)
  A shadow imp (D:6)
  An ufetubus (D:6)
  2 adder zombies (D:6)
  6 worms
  2 dart slugs
  4 leopard geckos
  12 orcs
  13 ball pythons
  3 giant cockroaches
  10 hobgoblins
  10 jackals
  25 kobolds
  2 quokkas
  8 bats
  7 frilled lizards
  9 goblins
  A jackal skeleton (D:6)
  A quokka skeleton (D:6)
  35 rats
200 creatures vanquished.

Vanquished Creatures (others)
  An adder (D:5)
  An adder zombie (D:5)
  16 plants (D:5)
18 creatures vanquished.

Grand Total: 218 creatures vanquished

Notes
Turn   | Place    | Note
-------+----------+-------------------------------------------
     0 | D:1      | ew1980 the Barachi Conjurer began the quest for the Orb.
     0 | D:1      | Reached XP level 1. HP: 13/13 MP: 3/3
   415 | D:1      | Reached XP level 2. HP: 20/20 MP: 1/5
   462 | D:1      | Learned a level 2 spell: Searing Ray
  1232 | D:2      | Reached skill level 1 in Fighting
  1515 | D:2      | Reached XP level 3. HP: 26/26 MP: 6/6
  2423 | D:3      | Reached skill level 5 in Conjurations
  2423 | D:3      | Reached XP level 4. HP: 33/33 MP: 0/8
  3137 | D:3      | Found a snail-covered altar of Cheibriados.
  3215 | D:3      | Reached XP level 5. HP: 38/38 MP: 3/9
  3590 | D:4      | Found a shimmering altar of Xom.
  3590 | D:4      | Found a glowing silver altar of Zin.
  3590 | D:4      | Noticed an angel
  3590 | D:4      | Noticed Purgy
  3651 | D:4      | Noticed Blork the orc
  3659 | D:4      | Killed Blork the orc
  3660 | D:4      | Reached skill level 1 in Shields
  3863 | D:4      | Reached XP level 6. HP: 44/44 MP: 5/11
  3949 | D:4      | Reached skill level 6 in Conjurations
  3997 | D:4      | Got a warped robe
  4017 | D:4      | Got a dazzling flail
  4041 | D:4      | Identified the +0 robe of Ashenzari's Grace {rPois rC+
                  | Will+ Str+4} (You found it on level 4 of the Dungeon)
  4043 | D:4      | Identified the +3 flail "Ubbuirph" {flame, rF+ rC++} (You
                  | found it on level 4 of the Dungeon)
  4343 | D:4      | Noticed Duvessa
  4343 | D:4      | Noticed Dowan
  4359 | D:4      | HP: 1/44 [Duvessa/+0 short sword (8)]
  4624 | D:5      | Entered Level 5 of the Dungeon
  4681 | D:5      | Noticed a phantom
  4868 | D:5      | Reached XP level 7. HP: 27/50 MP: 6/12
  5041 | D:5      | Noticed Grinder
  5057 | D:5      | Killed Grinder
  5058 | D:5      | Reached skill level 7 in Conjurations
  5228 | D:4      | Learned a level 3 spell: Dazzling Flash
  5244 | D:5      | Found a glowing drain.
  5254 | Sewer    | Entered a sewer
  5906 | Sewer    | Reached XP level 8. HP: 53/56 MP: 14/14
  6232 | D:5      | Reached skill level 5 in Dodging
  6237 | D:5      | Reached skill level 8 in Conjurations
  6385 | D:5      | Reached skill level 5 in Spellcasting
  6659 | D:5      | Found an iron altar of Okawaru.
  6819 | D:5      | Found a hide-covered altar of Uskayaw.
  6819 | D:5      | Found a radiant altar of Vehumet.
  6913 | D:5      | Became a worshipper of Vehumet
  7626 | D:4      | Killed Purgy
  7627 | D:4      | Reached skill level 9 in Conjurations
  7627 | D:4      | Reached XP level 9. HP: 64/64 MP: 17/17
  7656 | D:4      | Killed Dowan
  7657 | D:4      | Killed Duvessa
  8007 | D:6      | Found a runed translucent door.
  8030 | D:6      | Noticed Crazy Yiuf
  8035 | D:6      | Killed Crazy Yiuf
  8150 | D:6      | Found a staircase to the Ecumenical Temple.
  8160 | Temple   | Entered the Ecumenical Temple
  8938 | D:6      | Found a white marble altar of Elyvilon.
  8960 | D:6      | Learned a level 3 spell: Confusing Touch
  8965 | D:6      | Learned a level 4 spell: Fulminant Prism
  9015 | D:6      | Found a basalt altar of Yredelemnul.
  9134 | D:6      | Noticed Sigmund
  9151 | D:6      | Killed Sigmund
  9151 | D:6      | Reached * piety under Vehumet
  9151 | D:6      | Offered knowledge of Sandblast by Vehumet.
  9152 | D:6      | Reached skill level 1 in Hexes
  9235 | D:6      | Noticed a two-headed ogre
  9246 | D:6      | Mangled by a two-headed ogre

Illustrated notes

Levels and vault maps discovered:
D:1:      mrwooster_arrival_statue_2, layout_loops_cross
D:2:      layout_loops_ring
D:3:      minmay_diamond_boxcup, layout_loops_cross,
          lemuel_coloured_pillars_altar
D:4:      layout_loops_ring, grunt_temple_overflow_order_and_chaos_1,
          uniq_blork_the_orc, uniq_purgy, uniq_duvessa
D:5:      kennysheep_kobold_camp, layout_rooms, kennysheep_mini,
          gammafunk_temple_overflow_elements, cheibrodos_sewer_entry_drain,
          lemuel_flamethrower_2, uniq_grinder
D:6:      layout_gridville, kennysheep_ying_yang, marbit_many_paths,
          minmay_temple_entry_slanted, nicolae_lava_and_water,
          kennysheep_generic_room_4, uniq_sigmund, uniq_crazy_yiuf_cottage,
          uniq_menkaure
Temple:   jpeg_temple_island

Skill      XL: |  1  2  3  4  5  6  7  8  9 |
---------------+----------------------------+-----
Stealth        | 2 |  2.0
Fighting       | 1 2 3 4 |  4.4
Conjurations   | 5 6 7 9 |  9.6
Dodging        | 3 4 5 6 |  6.4
Spellcasting   | 3 4 5 6 |  6.0
Shields        | 1 2 3 4 |  4.0
Hexes          | 1 |  1.1

Action                   |  1- 3 |  4- 6 |  7- 9 || total
-------------------------+-------+-------+-------++-------
Melee: Short sword       |    15 |       |       ||    15
       Quarterstaff      |    68 |    25 |       ||    93
       Flail             |       |     8 |    71 ||    79
 Cast: Magic Dart        |    25 |     6 |    39 ||    70
       Searing Ray       |     7 |    24 |    49 ||    80
       Confusing Touch   |       |       |     1 ||     1
  Use: Scroll            |    13 |     6 |     3 ||    22
       Potion            |       |     1 |       ||     1
 Stab: Sleeping          |     4 |     1 |       ||     5
       Distracted        |       |     1 |       ||     1
Armor: Robe              |    30 |    14 |    28 ||    72
Dodge: Dodged            |    71 |    44 |   126 ||   241
Block: Buckler           |       |     3 |    41 ||    44
